 Dungeon Crawl Stone Soup version 0.28-a0-1594-ga885d4b3d6 (webtiles) character file.

Game seed: 3849005774749535027

385 dave1331 the Skirmisher (level 6, -4/56 HPs)
             Began as a Minotaur Fighter on Jan 20, 2022.
             Slain by a sky beast (5 damage)
             ... on level 4 of the Dungeon.
             The game lasted 00:14:00 (1698 turns).

dave1331 the Skirmisher (Minotaur Fighter)          Turns: 1698, Time: 00:14:00

Health: -4/56      AC:  8    Str: 23    XL:     6   Next: 48%
Magic:  5/5        EV:  9    Int:  5    God:
Gold:   119        SH:  5    Dex:  9    Spells: 5/5 levels left

rFire   . . .      SeeInvis .   d - +5 short sword
rCold   . . .      Faith    .   c - +0 buckler
rNeg    . . .      Spirit   .   b - +0 scale mail
rPois   .          Reflect  .   (helmet restricted)
rElec   .          Harm     .   (no cloak)
rCorr   .          Rampage  .   (no gloves)
Will    .....                   e - +0 pair of boots
Stlth   ..........              (no amulet)
HPRegen 0.18/turn               (no ring)
MPRegen 0.09/turn               (no ring)

@: no status effects
A: horns 2, retaliatory headbutt
a: no special abilities


You were on level 4 of the Dungeon.
You visited 1 branch of the dungeon, and saw 4 of its levels.

You collected 119 gold pieces.

Inventory:

Hand Weapons
 a - a +0 war axe
 d - a +5 short sword (weapon)
 f - a +2 mace of venom
 i - a +2 quarterstaff of chaos
Armour
 b - a +0 scale mail (worn)
 c - a +0 buckler (worn)
 e - a +0 pair of boots (worn)
Jewellery
 h - the ring "Okhakaupn" {rC+ Str+4}
   (You found it on level 3 of the Dungeon)

   [ring of protection from cold]

   Str:       It affects your strength (+4).
   rC:        It protects you from cold.
Potions
 g - a potion of magic {unknown}


   Skills:
 + Level 5.4 Fighting
 + Level 4.6 Axes
 + Level 5.3 Armour
 + Level 5.4 Shields


You had 5 spell levels left.
You didn't know any spells.
Your spell library was empty.

Dungeon Overview and Level Annotations

Branches:
Dungeon (4/15)
 Temple: D:4-7

Altars:
Hepliaklqana
Vehumet


Innate Abilities, Weirdness & Mutations

You have a pair of horns on your head.
You reflexively headbutt those who attack you in melee.


Message History

Robin hits you with a +5 short sword! Robin hits you with a +5 short sword.
You barely miss Robin. You block Robin's attack.
You closely miss Robin. Robin barely misses you. You furiously retaliate!
You headbutt Robin!
You kill Robin!
Found a stone staircase leading up.
Items here: ( ))) [[ ††.
d - a +5 short sword Your +2 mace of venom stops dripping with poison.
d - a +5 short sword (weapon)
You open the door.
There is an open door here.
A sky beast comes into view.
A sky beast is nearby!
An endoplasm comes into view.
The endoplasm quivers.
Found a brass wand and a robe.
The sky beast flickers out of sight!
Deactivating autopickup; reactivate with Ctrl-A.
Something hits you. Something shocks you.
You puncture something! Your headbutt misses something.
You feel a little less mighty now. Something hits you. Something shocks you.
* * * LOW HITPOINT WARNING * * *
You barely miss something. Your headbutt misses something. Something hits you.
* * * LOW HITPOINT WARNING * * *
Something shocks you.
* * * LOW HITPOINT WARNING * * *
You hit something. Something hits you but does no damage.
A sky beast appears from thin air!
Reactivating autopickup.
The sky beast misses you.
You puncture the sky beast! You headbutt the sky beast.
The sky beast is severely wounded.
The endoplasm freezes you.
You are frozen.
* * * LOW HITPOINT WARNING * * *
The sky beast hits you.
* * * LOW HITPOINT WARNING * * *
The sky beast shocks you.
You die...

...........##.#..#
#.#
.....###+#.##.#..#
#.# ######
.....#..# #.#
####..# #.# ...#
#.# #.####.#
#......# #.....##
#@....# #YJ...#
.......# ........#
.........#
.........#
........###
+...[/...#


You could see a sky beast and an endoplasm.

Vanquished Creatures
  Duvessa (D:4)
  An ogre (D:4)
  Dowan (D:4)
  A centaur skeleton (D:4)
  Crazy Yiuf (D:3)
  Natasha (D:4)
  Robin (D:4)
  A worm (D:3)
  A dart slug (D:4)
  7 ball pythons
  5 bats
  4 endoplasms
  A giant cockroach (D:3)
  13 goblins
  6 hobgoblins
  2 jackals (D:1)
  2 kobolds
  A quokka (D:1)
  3 rats
53 creatures vanquished.

Notes
Turn   | Place    | Note
-------+----------+-------------------------------------------
     0 | D:1      | dave1331 the Minotaur Fighter began the quest for the Orb.
     0 | D:1      | Reached XP level 1. HP: 19/19 MP: 0/0
    31 | D:1      | Found a faded altar of an unknown god.
   140 | D:1      | Reached XP level 2. HP: 25/27 MP: 1/1
   600 | D:2      | Found a radiant altar of Vehumet.
   790 | D:2      | Reached XP level 3. HP: 33/33 MP: 2/2
   937 | D:3      | Found a hazy altar of Hepliaklqana.
  1028 | D:3      | Identified the ring "Okhakaupn" {rC+ Str+4}
  1155 | D:3      | Found a runed translucent door.
  1156 | D:3      | Noticed Crazy Yiuf
  1164 | D:3      | Killed Crazy Yiuf
  1369 | D:3      | Reached XP level 4. HP: 39/41 MP: 3/3
  1424 | D:4      | Noticed Duvessa
  1424 | D:4      | Noticed Dowan
  1432 | D:4      | Killed Duvessa
  1433 | D:4      | Reached XP level 5. HP: 43/47 MP: 4/4
  1434 | D:4      | Killed Dowan
  1453 | D:4      | Noticed an ogre
  1456 | D:4      | Killed an ogre
  1457 | D:4      | Reached skill level 5 in Fighting
  1457 | D:4      | Reached skill level 5 in Armour
  1457 | D:4      | Reached skill level 5 in Shields
  1457 | D:4      | Reached XP level 6. HP: 41/56 MP: 5/5
  1547 | D:4      | Noticed Natasha
  1556 | D:4      | Killed Natasha
  1630 | D:4      | Noticed Robin
  1650 | D:4      | Killed Robin
  1689 | D:4      | Noticed a sky beast
  1698 | D:4      | HP: 1/56 [sky beast (3)]
  1698 | D:4      | Slain by a sky beast

Illustrated notes

Levels and vault maps discovered:
D:1:      minmay_arrival_arboretum_small, layout_basic,
          hellmonk_ecumenical_altar_lost_god, minmay_tromino_v7
D:2:      layout_basic, basic_altar
D:3:      layout_basic, nicolae_hepliaklqana_hazy_memory, serial_bayou,
          serial_bayou_lagoon_a, serial_bayou_crossing, serial_bayou_pond_d,
          serial_bayou_ford_a, uniq_crazy_yiuf_cottage
D:4:      layout_basic, minmay_temple_entry_fiery, uniq_robin,
          uniq_blork_the_orc, uniq_duvessa, uniq_natasha

Skill      XL: |  1  2  3  4  5 |
---------------+----------------+-----
Fighting       | 4 5 |  5.4
Shields        | 4 5 |  5.4
Armour         | 4 5 |  5.3
Axes           | 3 4 |  4.6

Action                   |  1- 3 |  4- 6 || total
-------------------------+-------+-------++-------
Melee: Mace              |    41 |    42 ||    83
       War axe           |     3 |       ||     3
       Headbutt          |     3 |    10 ||    13
       Short sword       |       |     4 ||     4
  Use: Potion            |       |     2 ||     2
Armor: Scale mail        |    13 |    31 ||    44
Dodge: Dodged            |    22 |    26 ||    48
Block: Buckler           |     7 |    10 ||    17

Table legend: (Time is in decaauts)
 A = Elapsed time spent in this place.
 B = Non-inter-level travel time spent in this place.
 C = Inter-level travel time spent in this place.
 D = Time resting spent in this place.
 E = Time spent auto-exploring this place.
 F = Levels seen in this place.
 G = Mean time per level.
                   A        B        C        D        E       F      G
               +--------+--------+--------+--------+--------+-----+--------+
         Total |   1740 |    373 |   1367 |      0 |      0 |   4 |  435.0 |
       Dungeon |   1740 |    373 |   1367 |      0 |      0 |   4 |  435.0 |
               +--------+--------+--------+--------+--------+-----+--------+

Top non-repeatable levels by time:
     D:3: 543 daAuts
     D:2: 497 daAuts
     D:1: 374 daAuts
     D:4: 324 daAuts
